 Dungeon Crawl Stone Soup version 0.20.1-1-g8b1a95d (webtiles) character file.

9650 Irenicus the Pandemonic (level 11, -6/92 HPs)
             Began as a Deep Dwarf Monk on Oct 19, 2017.
             Was a High Priest of Makhleb.
             Mangled by an ice devil (18 damage)
             ... in an ice cave.
             The game lasted 00:33:53 (8818 turns).

Irenicus the Pandemonic (Deep Dwarf Monk)           Turns: 8818, Time: 00:33:53

Health: -6/92      AC:  7    Str: 16    XL:     11   Next: 25%
Magic:  17/17      EV: 15    Int: 10    God:    Makhleb [*****.]
Gold:   651        SH:  0    Dex: 20    Spells: 10/10 levels left

rFire    + . .     SeeInvis .     - Unarmed
rCold    . . .     Gourm    .   (no shield)
rNeg     . . .     Faith    .   k - +2 ring mail {rF+}
rPois    +         Spirit   .   (helmet restricted)
rElec    .         Reflect  .   f - scarf {repulsion}
rCorr    .         Harm     .   (no gloves)
MR       ++...                  (no boots)
Stlth    +++.......             (no amulet)
Regen    0.0/turn               H - ring of poison resistance
MPRegen  0.2/turn               G - ring of stealth

@: non-regenerating, repel missiles
A: damage resistance, heal wounds, antennae 1, talons 1, agile 1, dopey 1, magic
resistance 1, sense surroundings 2, screaming 1, strong 1, wild magic 2, no
regeneration
a: Heal Wounds, Minor Destruction, Lesser Servant of Makhleb, Major Destruction,
Greater Servant of Makhleb, Renounce Religion


You were in an ice cave.
You worshipped Makhleb.
Makhleb was extremely pleased with you.
You were hungry.

You visited 2 branches of the dungeon, and saw 12 of its levels.
You also visited: Sewer and Ice Cave.

You collected 651 gold pieces.

Inventory:

Missiles
 o - 7 silver tomahawks (quivered)
Armour
 a - a +0 robe
 e - a +1 helmet
 f - a scarf of repulsion (worn)
 j - a +0 cloak
 k - a +2 ring mail of fire resistance (worn)
Magical Staves
 K - an uncursed staff of energy
Jewellery
 G - a ring of stealth (right hand)
 H - a ring of poison resistance (left hand)
Wands
 l - a wand of enslavement (10/24)
 s - a wand of lightning (0/15)
 C - a wand of polymorph (0/24)
 E - a wand of flame (24/48)
 F - a wand of random effects (0/48)
 I - a wand of polymorph (6/24)
Scrolls
 c - a scroll of magic mapping
 d - 3 scrolls of blinking {unknown}
 g - 7 scrolls of teleportation
 h - a scroll of enchant weapon {unknown}
 i - 3 scrolls of enchant armour
 p - 8 scrolls of remove curse
 q - 2 scrolls of noise {unknown}
 r - 5 scrolls of identify
 u - a scroll of recharging {unknown}
 x - 4 scrolls of immolation {unknown}
 y - 4 scrolls of fear {unknown}
 D - a scroll of silence {unknown}
Potions
 n - a potion of mutation
 t - 8 potions of curing
 w - 2 potions of agility
 z - a potion of brilliance
 A - 3 potions of might
 B - 3 potions of flight
 N - a potion of resistance
Books
 m - a book of Changes

   Spells                             Type                      Level
   a - Beastly Appendage              Transmutation                1
   b - Sticks to Snakes               Transmutation                2
   c - Spider Form                    Transmutation/Poison         3
   d - Ice Form                       Ice/Transmutation            4
   e - Blade Hands                    Transmutation                5
Comestibles
 b - 7 bread rations
 v - 2 royal jellies
 J - 2 meat rations
 L - 3 fruits


   Skills:
 - Level 4.0 Fighting
 - Level 4.0 Armour
 - Level 6.0 Dodging
 - Level 2.4 Stealth
 + Level 11.7 Unarmed Combat
 - Level 13.0 Invocations
 - Level 1.1 Evocations


You had 10 spell levels left.
You didn't know any spells.

Dungeon Overview and Level Annotations

Branches:
Dungeon (11/15)            Temple (1/1) D:5            Lair (0/6) D:9
    Orc (0/2) D:9

Altars:
Ashenzari
Cheibriados
Dithmenos
Elyvilon
Fedhas
Gozag
Kikubaaqudgha
Makhleb
Nemelex Xobeh
Okawaru
Qazlal
Ru
Sif Muna
Trog
Uskayaw
Yredelemnul
Zin
The Shining One

Shops:
D:4 :

Annotations:
D:3 Monsterracer's ghost, amateur HuMo


Innate Abilities, Weirdness & Mutations

You are resistant to damage.
You can heal yourself by infusing magical energy.
You passively map the area around you.
You do not regenerate.
You have a pair of small antennae on your head.
You have sharp toenails.
You are agile. (Dex +2)
You are dopey. (Int -2)
You are resistant to hostile enchantments. (MR+)
You occasionally shout uncontrollably at your foes.
Your muscles are strong. (Str +2)
Your spells are harder to cast, but more powerful.


Message History

You hit the ice devil but do no damage.
You claw the ice devil, but do no damage.
The ice devil is severely wounded.
The ice devil hits you. The ice devil freezes you!
* * * LOW HITPOINT WARNING * * *
You hit the ice devil but do no damage. Your kick misses the ice devil.
The ice devil is severely wounded.
Press: ? - help, Shift-Dir - straight line, f/p - ice devil
Aim: an ice devil (severely wounded)
The puff of flame hits the ice devil.
The ice devil appears unharmed.
The ice devil is severely wounded.
The ice devil barely misses you.
Press: ? - help, Shift-Dir - straight line, f/p - ice devil
Aim: an ice devil (severely wounded)
The zap hits the ice devil.
The ice devil is severely wounded.
The ice devil hits you!
* * * LOW HITPOINT WARNING * * *
The ice devil freezes you!!
You die...

#####
##...##
##.....##
#...∩...#
#...∩...#
##.....##
##.@.##
##.4.#
#...##
#...##
##...# #...#
* * #.....#
.........,**
*
............


You could see an ice devil.

Vanquished Creatures
  A two-headed ogre (D:11)
  3 ice devils (IceCv)
  2 hippogriffs
  9 yaks
  A wyvern (D:6)
  A hungry ghost (D:9)
  Eustachio (D:4)
  A steam dragon (D:11)
  A water moccasin (D:9)
  2 hell hounds (D:9)
  3 sky beasts
  5 orc warriors
  A black bear (D:10)
  12 ice beasts
  2 phantoms
  2 ogres
  A wolf (D:11)
  3 centaurs
  4 big kobolds
  8 bullfrogs
  A wyvern zombie (D:7)
  3 scorpions
  5 killer bees (D:11)
  3 howler monkeys
  2 electric eels (D:11)
  5 crimson imps
  A quasit (D:8)
  4 orc priests
  A jelly (D:6)
  4 hounds
  3 iguanas
  3 orc wizards
  2 centaur skeletons (D:10)
  Terence (D:2)
  6 worker ants
  A killer bee zombie (D:7)
  A worker ant zombie (D:8)
  Robin (D:2)
  A howler monkey skeleton (D:6)
  4 gnolls
  10 adders
  6 river rats (Sewer)
  4 shadow imps
  A white imp (D:11)
  A worker ant simulacrum (D:11)
  2 ufetubi (D:11)
  2 oozes
  An adder zombie (D:8)
  3 worms
  2 dart slugs
  8 leopard geckos
  40 orcs
  5 bats
  5 giant cockroaches (D:5)
  13 goblins
  9 hobgoblins
  8 jackals
  3 quokkas
  6 ball pythons (Sewer)
  3 frilled lizards
  18 kobolds
  A quokka zombie (D:5)
  22 rats
288 creatures vanquished.

Vanquished Creatures (collateral kills)
  A centaur simulacrum (D:11)
  2 yaks (D:11)
  A hungry ghost (D:11)
  An ice beast (D:11)
  A quasit (D:11)
  A white imp (D:11)
7 creatures vanquished.

Grand Total: 295 creatures vanquished

Notes
Turn   | Place    | Note
-------+----------+-------------------------------------------
     0 | D:1      | Irenicus the Deep Dwarf Monk began the quest for the Orb.
     0 | D:1      | Reached XP level 1. HP: 20/20 MP: 1/1
   327 | D:1      | Reached XP level 2. HP: 21/27 MP: 2/2
   828 | D:2      | Noticed Terence
   846 | D:2      | Killed Terence
   846 | D:2      | Reached XP level 3. HP: 30/33 MP: 3/3
   959 | D:2      | Noticed Robin
   983 | D:2      | Reached XP level 4. HP: 21/40 MP: 4/4
  1016 | D:2      | Killed Robin
  1608 | D:3      | Found an ancient bone altar of Kikubaaqudgha.
  1790 | D:3      | Noticed Monsterracer's ghost (amateur HuMo)
  1826 | D:3      | Found a bloodstained altar of Trog.
  1836 | D:3      | Reached skill level 5 in Unarmed Combat
  2186 | D:4      | Found Derik's Book Shoppe.
  2196 | D:4      | Noticed Eustachio
  2234 | D:4      | Killed Eustachio
  2234 | D:4      | Reached XP level 5. HP: 37/46 MP: 5/5
  2292 | D:4      | Reached XP level 6. HP: 30/55 MP: 6/6
  2521 | D:4      | HP: 2/55 [orc priest/divine providence (12)]
  2846 | D:5      | Entered Level 5 of the Dungeon
  2881 | D:5      | Found a blossoming altar of Fedhas.
  2983 | D:5      | Reached XP level 7. HP: 16/61 MP: 7/7
  3280 | D:5      | Found a glowing drain.
  3314 | Sewer    | Entered a sewer
  4126 | D:5      | Found a staircase to the Ecumenical Temple.
  4199 | Temple   | Entered the Ecumenical Temple
  4205 | Temple   | Became a worshipper of Makhleb the Destroyer
  4205 | Temple   | Reached * piety under Makhleb
  4205 | Temple   | Reached ** piety under Makhleb
  4594 | D:6      | Noticed a wyvern
  4594 | D:6      | an ogre changed into a wyvern
  4605 | D:6      | Killed a wyvern
  4605 | D:6      | Reached XP level 8. HP: 37/68 MP: 8/8
  4619 | D:6      | Gained mutation: Your muscles are strong. (Str +2) [mutagenic meat]
  4620 | D:6      | Gained mutation: Your spells are a little harder to cast, but a little more powerful. [mutagenic meat]
  4621 | D:6      | Gained mutation: You have a pair of small antennae on your head. [mutagenic meat]
  4622 | D:6      | Gained mutation: You occasionally shout uncontrollably at your foes. [mutagenic meat]
  4623 | D:6      | Gained mutation: You are resistant to hostile enchantments. (MR+) [mutagenic meat]
  5058 | D:6      | Reached skill level 10 in Unarmed Combat
  5096 | D:6      | Reached skill level 1 in Evocations
  5101 | D:6      | Reached skill level 1 in Invocations
  5108 | D:6      | Reached skill level 2 in Invocations
  5165 | D:6      | Found a shadowy altar of Dithmenos.
  5248 | D:6      | Reached skill level 3 in Invocations
  5392 | D:7      | Reached skill level 4 in Invocations
  5477 | D:7      | Reached skill level 1 in Armour
  5481 | D:7      | Gained mutation: Your spells are harder to cast, but more powerful. [mutagenic meat]
  5482 | D:7      | Gained mutation: You are agile. (Dex +2) [mutagenic meat]
  5483 | D:7      | Gained mutation: You are dopey. (Int -2) [mutagenic meat]
  5485 | D:7      | Gained mutation: You have sharp toenails. [mutagenic meat]
  5497 | D:7      | Reached *** piety under Makhleb
  5513 | D:7      | Gained mutation: You passively map the area around you. [Deep Dwarf growth]
  5513 | D:7      | Reached XP level 9. HP: 33/74 MP: 11/11
  5835 | D:7      | Found a glowing golden altar of the Shining One.
  6283 | D:8      | Noticed a troll
  6322 | D:8      | Reached skill level 5 in Dodging
  6430 | D:8      | Found a sacrificial altar of Ru.
  6460 | D:8      | Reached skill level 5 in Invocations
  6579 | D:8      | Reached skill level 6 in Invocations
  6849 | D:9      | Reached skill level 7 in Invocations
  7016 | D:9      | Found a staircase to the Lair.
  7040 | D:9      | Reached skill level 8 in Invocations
  7047 | D:9      | Found a staircase to the Orcish Mines.
  7061 | D:9      | Reached **** piety under Makhleb
  7088 | D:9      | Reached XP level 10. HP: 58/85 MP: 14/14
  7345 | D:9      | Reached skill level 9 in Invocations
  7700 | D:10     | Entered Level 10 of the Dungeon
  8051 | D:10     | Reached skill level 10 in Invocations
  8305 | D:11     | Reached skill level 11 in Invocations
  8362 | D:11     | Reached skill level 12 in Invocations
  8494 | D:11     | Reached ***** piety under Makhleb
  8494 | D:11     | Reached skill level 13 in Invocations
  8605 | D:11     | Noticed a two-headed ogre
  8674 | D:11     | Killed a two-headed ogre
  8674 | D:11     | Reached XP level 11. HP: 57/92 MP: 18/18
  8737 | D:11     | Found a frozen archway.
  8751 | IceCv    | Entered an ice cave
  8796 | IceCv    | HP: 1/92 [ice devil (15)]
  8818 | IceCv    | Mangled by an ice devil

Skill      XL: |  1  2  3  4  5  6  7  8  9 10 |
---------------+-------------------------------+-----
Unarmed Combat | 3 4 6 7 9 10 11 | 11.7
Evocations     | 1 |  1.1
Invocations    | 4 8 13 | 13.0
Armour         | 3 4 |  4.0
Fighting       | 4 |  4.0
Dodging        | 6 |  6.0
Stealth        | |  2.4

Action                   |  1- 3 |  4- 6 |  7- 9 | 10-12 || total
-------------------------+-------+-------+-------+-------++-------
Melee: Unarmed           |    89 |   215 |   477 |   214 ||   995
       Punch             |     2 |     4 |    27 |    15 ||    48
       Kick              |       |       |    42 |    73 ||   115
Throw: Tomahawk          |       |    18 |       |       ||    18
Invok: Minor Destruction |       |       |    57 |    94 ||   151
       Lesser Servant of |       |       |       |     1 ||     1
 Abil: Heal Wounds       |       |     3 |     6 |     5 ||    14
Evoke: Wand              |       |       |    18 |     2 ||    20
  Use: Potion            |     1 |     5 |     7 |     1 ||    14
       Scroll            |       |     1 |     1 |     3 ||     5
 Stab: Sleeping          |     4 |     5 |     3 |     6 ||    18
       Invisible         |       |       |     2 |       ||     2
       Distracted        |       |       |     3 |       ||     3
  Eat: Chunk             |       |     7 |    17 |     1 ||    25
       Meat ration       |       |       |     1 |     1 ||     2
       Fruit             |       |       |     1 |       ||     1
Armor: Robe              |     8 |       |       |       ||     8
       Ring mail         |     4 |    90 |   146 |    52 ||   292
       Skin              |       |       |    18 |       ||    18
Dodge: Dodged            |    52 |   115 |   281 |   144 ||   592
       Deflected         |     1 |       |     6 |       ||     7
